 Dungeon Crawl Stone Soup version 0.24.1 (webtiles) character file.

Game seed: 10369118115042086981, levelgen mode: deterministic

1864 theboss2 the Cleaver (level 8, -2/73 HPs)
             Began as a Minotaur Berserker on Mar 25, 2020.
             Was an Elder of Trog.
             Slain by a two-headed ogre
             ... wielding a +0 giant club
              (23 damage)
             ... on level 11 of the Dungeon.
             The game lasted 00:55:56 (4456 turns).

theboss2 the Cleaver (Minotaur Berserker)           Turns: 4456, Time: 00:55:56

Health: -2/73      AC: 10    Str: 29    XL:     8   Next: 90%
Magic:  7/7        EV: 13    Int:  4    God:    Trog [****..]
Gold:   209        SH:  0    Dex:  9    Spells: 7/7 levels left

rFire    . . .     SeeInvis .   k - +3 war axe
rCold    . . .     Gourm    .   (no shield)
rNeg     . . .     Faith    .   F - +1 ring mail of Inaction {Stlth+} (curse)
rPois    .         Spirit   .   (helmet restricted)
rElec    .         Reflect  .   (no cloak)
rCorr    .         Harm     .   G - +2 pair of gloves {archery}
MR       .....                  (no boots)
Stlth    ++........             (no amulet)
HPRegen  0.22/turn              d - +4 ring of strength
MPRegen  0.10/turn              (no ring)

@: no status effects
A: retaliatory headbutt, horns 2
a: Berserk, Trog's Hand, Brothers in Arms, Renounce Religion


You were on level 11 of the Dungeon.
You worshipped Trog.
Trog was greatly pleased with you.
You were very hungry.

You visited 1 branch of the dungeon, and saw 9 of its levels.

You collected 209 gold pieces.

Inventory:

Hand Weapons
 a - a +0 hand axe
 k - a +3 war axe (weapon)
 n - a +0 whip
 s - a +2 quarterstaff of speed
 y - a +0 hand axe
Missiles
 o - 71 stones
 t - 29 arrows (quivered)
 B - 5 boomerangs
Armour
 b - a +0 animal skin
 f - a +0 robe
 m - a +0 leather armour
 w - a +0 chain mail
 A - a +0 pair of gloves
 C - a +1 scale mail
 F - the cursed +1 ring mail of Inaction (worn) {Stlth+}
   (You found it on level 8 of the Dungeon)

   It makes you more stealthy.
   It has a curse placed upon it.
 G - a +2 pair of gloves of archery (worn)
Magical Staves
 E - an uncursed staff of poison
Jewellery
 d - a +4 ring of strength (left hand)
Scrolls
 e - 3 scrolls of teleportation {unknown}
 g - 4 scrolls of enchant weapon {unknown}
 h - 2 scrolls of immolation
 j - 2 scrolls of fear {unknown}
 l - 3 scrolls of identify {unknown}
 r - a scroll of blinking {unknown}
 z - a scroll of amnesia {unknown}
 D - a scroll of remove curse
Potions
 i - 2 potions of flight {unknown}
 p - a potion of berserk rage {unknown}
 q - a potion of resistance {unknown}
 u - a potion of haste {unknown}
 v - a potion of agility {unknown}
 x - a potion of lignification {unknown}
Comestibles
 c - 10 rations
 H - a chunk of flesh


   Skills:
 + Level 7.2 Fighting
 + Level 10.5 Axes
 + Level 0.7 Throwing
 + Level 5.4 Armour
 + Level 4.6 Dodging
 + Level 1.3 Stealth


You had 7 spell levels left.
You didn't know any spells.
Your spell library was empty.

Dungeon Overview and Level Annotations

Branches:
Dungeon (8/15)
 Temple: D:4-7         Lair: D:8-11

Altars:
Dithmenos
The Shining One

Shops:
D:6 =


Innate Abilities, Weirdness & Mutations

You reflexively headbutt those who attack you in melee.
You have a pair of horns on your head.


Message History

You open the door.
There is an open door here.
A two-headed ogre comes into view. It is wielding two +0 giant clubs.
The two-headed ogre shouts in stereo!
Tossing away (i - inventory. (/) - cycle)
t - 30 arrows (quivered)
Press: ? - help, Shift-Dir - straight line, f - two-headed ogre
Aim: a two-headed ogre, wielding two +0 giant clubs You toss away an arrow.
The arrow hits the two-headed ogre but does no damage.
You slash the two-headed ogre!
The two-headed ogre is moderately wounded.
The two-headed ogre barely misses you. x2
You hit the two-headed ogre.
The two-headed ogre is moderately wounded.
The two-headed ogre hits you with a +0 giant club! x2
* * * LOW HITPOINT WARNING * * *
You slice the two-headed ogre!!
The two-headed ogre is severely wounded.
The two-headed ogre hits you with a +0 giant club!!
You die...

#.######............#........
#...............[............
#.....##############.....####
#.....#............#..##.#
#.....#............#..# .#
#.....#............#..# #
#.....#............#..# #
#.....#............#..##.#
#.###.#...(O@......'.....#
#.....##############.....#
#.........# #######
#.........# #.........#
#.........# #.........#
#.........# #.........#


You could see a two-headed ogre.

Vanquished Creatures
  A steam dragon (D:11)
  An ice beast (D:6)
  6 ogres
  A centaur (D:6)
  A bullfrog (D:8)
  A scorpion (D:8)
  4 crimson imps
  A centaur zombie (D:8)
  3 orc priests
  3 hounds
  8 orc wizards
  A bullfrog skeleton (D:5)
  A centaur skeleton (D:5)
  An iguana (D:4)
  4 worker ants
  3 gnolls (D:6)
  4 adders
  A shadow imp (D:8)
  A worm (D:3)
  3 dart slugs (D:1)
  5 leopard geckos
  32 orcs
  9 bats
  A goblin (D:1)
  4 hobgoblins
  8 jackals
  3 quokkas
  A frilled lizard (D:5)
  6 kobolds
  A quokka skeleton (D:8)
  7 rats
126 creatures vanquished.

Notes
Turn   | Place    | Note
-------+----------+-------------------------------------------
     0 | D:1      | theboss2 the Minotaur Berserker began the quest for the
                  | Orb.
     0 | D:1      | Reached XP level 1. HP: 19/19 MP: 0/0
    19 | D:1      | Reached skill level 4 in Axes
    19 | D:1      | Reached XP level 2. HP: 18/27 MP: 1/1
   632 | D:2      | Reached XP level 3. HP: 34/34 MP: 2/2
   654 | D:2      | Reached ** piety under Trog
   919 | D:3      | Reached XP level 4. HP: 41/41 MP: 3/3
  1168 | D:4      | Noticed an ogre
  1183 | D:4      | Killed an ogre
  1183 | D:4      | Reached skill level 5 in Axes
  1183 | D:4      | Reached XP level 5. HP: 30/47 MP: 4/4
  1274 | D:4      | Found a shadowy altar of Dithmenos.
  1284 | D:4      | Reached skill level 5 in Fighting
  1390 | D:4      | Noticed an ogre
  1396 | D:4      | Killed an ogre
  1396 | D:4      | Reached skill level 6 in Axes
  1396 | D:4      | Reached XP level 6. HP: 42/56 MP: 5/5
  1705 | D:4      | HP: 2/56 [orc/+0 trident (4)]
  2111 | D:5      | Entered Level 5 of the Dungeon
  2116 | D:5      | Reached skill level 7 in Axes
  2116 | D:5      | Reached XP level 7. HP: 18/61 MP: 6/6
  2664 | D:5      | Reached skill level 8 in Axes
  2901 | D:5      | Found a glowing golden altar of the Shining One.
  3023 | D:5      | Reached *** piety under Trog
  3171 | D:5      | Reached skill level 9 in Axes
  3367 | D:6      | Found Leoqiepp's Jewellery Shop.
  3399 | D:6      | Reached XP level 8. HP: 68/70 MP: 7/7
  3525 | D:6      | Reached skill level 1 in Stealth
  3575 | D:6      | Reached skill level 10 in Axes
  3808 | D:7      | Reached **** piety under Trog
  3988 | D:8      | :
  4003 | D:8      | Got a bronze ring mail
  4015 | D:8      | Identified the cursed +1 ring mail of Inaction {Stlth+}
                  | (You found it on level 8 of the Dungeon)
  4049 | D:8      | Reached skill level 5 in Armour
  4362 | D:8      | You fall into a shaft and drop 3 floors!
  4450 | D:11     | Noticed a two-headed ogre
  4456 | D:11     | Slain by a two-headed ogre

Levels and vault maps discovered:
D:1:      minmay_arrival_diagonal_passages, layout_loops_ring,
          chequers_serial_rivers_small_3, kennysheep_nondescript,
          minmay_distorted
D:2:      layout_rooms
D:3:      layout_basic, lemuel_round_altar
D:4:      layout_basic, grunt_dithmenos_smoke, uniq_edmund
D:5:      layout_gridville, lemuel_zombie_altar_kikubaaqudgha, tso_oasis_becter,
          first_ration, lemuel_statue_altar, uniq_blork_the_orc
D:6:      layout_layer_cave, kennysheep_little_box, minmay_temple_entry_statues,
          serial_shops, nicolae_shop_waterfront
D:7:      layout_loops_corners, lemuel_doored_altar,
          cheibrodos_ashenzari_chains, uniq_pikel
D:8:      layout_loops_corners
D:11:     layout_stronghold, david_orc_2

Skill      XL: |  1  2  3  4  5  6  7  8 |
---------------+-------------------------+-----
Axes           | 4 5 6 7 9 10 | 10.5
Fighting       | 4 5 6 7 |  7.2
Dodging        | 3 4 |  4.6
Armour         | 3 5 |  5.4
Stealth        | 1 |  1.3
Throwing       | |  0.7

Action                   |  1- 3 |  4- 6 |  7- 9 || total
-------------------------+-------+-------+-------++-------
Melee: Hand axe          |    52 |       |       ||    52
       Headbutt          |     8 |    10 |    24 ||    42
       War axe           |     5 |    42 |   127 ||   174
Throw: Stone             |       |     2 |    13 ||    15
  Use: Scroll            |     2 |       |     2 ||     4
       Potion            |       |       |     4 ||     4
 Stab: Sleeping          |     1 |       |       ||     1
       Invisible         |       |       |     2 ||     2
  Eat: Chunk             |       |     3 |       ||     3
       Ration            |       |     1 |     1 ||     2
Armor: Animal skin       |    17 |       |       ||    17
       Leather armour    |     1 |     6 |     4 ||    11
       Scale mail        |       |       |    24 ||    24
       Ring mail         |       |       |    12 ||    12
       Skin              |       |       |     8 ||     8
Dodge: Dodged            |    65 |    36 |    95 ||   196
